Unix NetHack Version 5.0.0-0 post-release - last build Jun 10 2026 00:39:30 (3ee93aec679c4c4259841fe613dc97188e26a321,branch:main).

Game began 2026-06-17 21:50:29, ended 2026-06-17 21:56:54.

ARFwashere, chaotic male elven Wizard

                                                                       G

                                                                   ..)."-
                                                                   .@).f|
                                                                   .*..--
                                                                     ..|

ARFwashere the Conjurer   St:13 Dx:11 Co:11 In:20 Wi:12 Ch:10  Chaotic
Dlvl:3  $:1536 HP:0(24) Pw:20(29) AC:8  Xp:3 T:760  Hungry  

Latest messages:
 You feel sluggish.
 You feel your magical energy drain away!
 You descend the stairs.
 The kitten misses the gnome.
 The gnome misses!
 The kitten misses the gnome.
 You hit the gnome!
 The kitten bites the gnome.
 The gnome hits the kitten.
 The gnome shoots 2 crossbow bolts!
 The 1st crossbow bolt misses the gnome.
 The 1st crossbow bolt misses you.
 The 2nd crossbow bolt misses the gnome.
 You are hit by the 2nd crossbow bolt.
 You kill the gnome!
 You hear an F note squeak in the distance.
 The gnome throws a dagger!
 You are hit by a dagger.
 In what direction? h
 The spell hits the gnome!
 You kill the gnome!
 The gnome throws a dart!
 The dart misses the kitten.
 You are hit by a dart.
 The gnome shoots 2 crossbow bolts!
 You are hit by the 1st crossbow bolt.
 You are hit by the 2nd crossbow bolt.
 You have no ammunition readied.
 What do you want to fire? [$t or ?*] ?
 You ready: t - an uncursed crude dagger.
 In what direction? h
 The crude dagger hits the gnome.
 y - a dagger.
 The gnome wields 3 daggers!
 What do you want to throw? [$y or ?*] y
 In what direction? h
 You kill the gnome!
 You hear crashing rock.
 y - a dagger (at the ready).
 y - 3 daggers (at the ready) (4 in total).
 t - an uncursed crude dagger.
 The gnome shoots 2 crossbow bolts!
 You are hit by the 1st crossbow bolt.
 You are hit by the 2nd crossbow bolt.
 You die...
 Do you want your possessions identified? [ynq] (y) n
 Do you want to see your attributes? [ynq] (y) n
 Do you want an account of creatures vanquished? [ynaq] (y) n
 Do you want to see your conduct and achievements? [ynq] (y) n
 Do you want to see the dungeon overview? [ynq] (y) n

Inventory:
 Coins    ('$')
  $ - 1536 gold pieces
 Weapons  (')')
  y - 4 +0 daggers (at the ready)
  t - a +0 orcish dagger
  a - a blessed +1 quarterstaff (weapon in hands)
 Armor    ('[')
  b - an uncursed +0 cloak of magic resistance (being worn)
 Comestibles  ('%')
  r - an uncursed food ration
  s - a cursed lembas wafer
 Scrolls  ('?')
  u - an uncursed scroll of food detection
  k - an uncursed scroll of genocide
  j - an uncursed scroll of identify
 Spellbooks  ('+')
  m - an uncursed spellbook of clairvoyance
  l - a blessed spellbook of force bolt
  p - an uncursed spellbook of healing
 Potions  ('!')
  f - an uncursed potion of blindness
  v - an uncursed potion of levitation
  g - an uncursed potion of restore ability
  h - an uncursed potion of water
 Rings    ('=')
  d - an uncursed ring of invisibility
  e - an uncursed +1 ring of protection (on right hand)
 Wands    ('/')
  c - a wand of opening (0:7)
 Tools    ('(')
  o - an uncursed wooden flute
  n - a magic marker (0:19)
  q - an uncursed mirror

ARFwashere the Wizard's attributes:

Background:
 You were a Conjurer, a level 3 male elven Wizard.
 You were chaotic, on a mission for Anhur
 who was opposed by Ptah (lawful) and Thoth (neutral).
 You were right-handed.
 You were in the Gnomish Mines, on level 3.
 You entered the dungeon 760 turns ago.
 There was a new moon in effect when your adventure ended.
 You had 70 experience points, 10 more were needed to attain level 4.

Basics:
 You had 0 out of 24 hit points.
 You had 20 out of 29 energy points (spell power).
 Your armor class was 8.
 Your wallet contained 1536 zorkmids.
 Autopickup was on for '$' plus thrown.

Final Characteristics:
 Your strength was 13 (limit:18).
 Your dexterity was 11 (limit:18).
 Your constitution was 11 (limit:16).
 Your intelligence was 20 (limit:20).
 Your wisdom was 12 (limit:20).
 Your charisma was 10 (limit:18).

Final Status:
 You were hungry.
 You were unencumbered.
 You were wielding a quarterstaff.
 You had basic skill with quarterstaff.

Final Attributes:
 You were fervently aligned.
 You were magic-protected.
 You had infravision.
 You had a small defense bonus (+1).
 You were guarded.
 You are dead.

Miscellaneous:
 You didn't encounter any bones levels.
 Total elapsed playing time was 6 minutes and 25 seconds.

Major events:
 Turn
    1: ARFwashere the chaotic male elven Wizard entered the dungeon
  582: entered the Gnomish Mines
  589: attained the rank of Conjurer (level 3)
  760: killed by a crossbow bolt

Spells:
 Name                 Level Category     Fail Retention
 force bolt             1   attack         0%  91%-100%
 clairvoyance           3   divination    63%  76%-100%
 healing                1   healing        0%  76%-100%

Skills:
 Fighting Skills
   bare handed combat [Unskilled]
   riding             [Unskilled]
 Weapon Skills
   dagger             [Unskilled]
   knife              [Unskilled]
   axe                [Unskilled]
   short sword        [Unskilled]
   club               [Unskilled]
   mace               [Unskilled]
   quarterstaff       [Basic]
   polearms           [Unskilled]
   spear              [Unskilled]
   trident            [Unskilled]
   sling              [Unskilled]
   dart               [Unskilled]
   shuriken           [Unskilled]
 Spellcasting Skills
   attack spells      [Basic]
   healing spells     [Unskilled]
   divination spells  [Unskilled]
   enchantment spells [Basic]
   clerical spells    [Unskilled]
   escape spells      [Unskilled]
   matter spells      [Unskilled]

Voluntary challenges:
 Character rerolling was not enabled.
 You never genocided any monsters.
 You never polymorphed an object.
 You never changed form.
 You used no wishes.
Achievements:
 You entered the Gnomish Mines.
 You attained the rank of Conjurer.

 The Dungeons of Doom: levels 1 to 2
    Level 1:
    Level 2:
       Many altars, some fountains.
       Stairs down to The Gnomish Mines.
 The Gnomish Mines:
    Level 3: <- You were here.
       Final resting place for
          you, killed by a crossbow bolt.


Vanquished creatures:
  a gnome leader
 an acid blob
  2 coyotes
  3 gnomes
  2 jackals
  a fox
  3 kobolds
  2 goblins
  2 grid bugs
  2 newts
19 creatures vanquished.

No species were genocided or became extinct.

Game over:
                       ----------
                      /          \
                     /    REST    \
                    /      IN      \
                   /     PEACE      \
                  /                  \
                  |    ARFwashere    |
                  |     1536 Au      |
                  |   killed by a    |
                  |  crossbow bolt   |
                  |                  |
                  |                  |
                  |       2026       |
                 *|     *  *  *      | *
        _________)/\\_//(\/(/\)/\//\/|_)_______

Goodbye ARFwashere the Wizard...

You died in The Gnomish Mines on dungeon level 3 with 1763 points,
and 1536 pieces of gold, after 760 moves.
You were level 3 with a maximum of 24 hit points when you died.

